 Dungeon Crawl Stone Soup version 0.28.0-53-g5a82cb258f (webtiles) character file.

Game seed: 1856129594314427444

112 Sanktem7 the Chopper (level 4, -5/42 HPs)
             Began as a Minotaur Berserker on June 29, 2022.
             Was a Believer of Trog.
             Killed by nerve-wracking pain
             ... invoked by an orc priest
              (11 damage)
             ... on level 3 of the Dungeon.
             The game lasted 00:04:13 (2387 turns).

Sanktem7 the Chopper (Minotaur Berserker)           Turns: 2387, Time: 00:04:14

Health: -5/42      AC:  6    Str: 22    XL:     4   Next: 64%
Magic:  3/3        EV: 11    Int:  4    God:    Trog [**....]
Gold:   90         SH:  0    Dex: 11    Spells: 3/3 levels left

rFire   . . .      SeeInvis .   a - +0 hand axe {axe}
rCold   . . .      Faith    .   (no shield)
rNeg    . . .      Spirit   .   h - +0 ring mail
rPois   .          Reflect  .   (helmet restricted)
rElec   .          Harm     .   (no cloak)
rCorr   .          Rampage  .   (no gloves)
Will    .....                   g - +0 pair of boots
Stlth   +.........              (no amulet)
HPRegen 0.14/turn               (no ring)
MPRegen 0.08/turn               (no ring)

@: no status effects
A: horns 2, retaliatory headbutt
a: Renounce Religion, Berserk, Trog's Hand


You were on level 3 of the Dungeon.
You worshipped Trog.
Trog was pleased with you.
You visited 1 branch of the dungeon, and saw 3 of its levels.

You collected 90 gold pieces.


Innate Abilities, Weirdness & Mutations

You have a pair of horns on your head.
You reflexively headbutt those who attack you in melee.


   Skills:
 * Level 5.3 Fighting
 * Level 5.3 Axes
 - Level 2.4 Armour
 - Level 2.1 Dodging


You had 3 spell levels left.
You didn't know any spells.
Your spell library contained the following spells:

 Spells                   Type           Power      Damage    Failure   Level
 Static Discharge         Conj/Air       0%         N/A       80%         2
 Lightning Bolt           Conj/Air       0%         1d11      100%        5
 Maxwell's Capacitive Co  Air            0%         ∞         100%        8

Inventory:

Hand Weapons
 a - a +0 hand axe (weapon) {axe}
 j - a +2 dagger of draining {short}
   (You took it off a kobold on level 1 of the Dungeon)
 l - a +1 dagger of venom {short}
   (You took it off a goblin on level 1 of the Dungeon)
Missiles
 k - 15 arrows
 m - 41 sling bullets
 n - 90 stones (quivered) {throwing}
 q - 5 poisoned darts {throwing}
Armour
 g - a +0 pair of boots (worn)
   (You found it on level 1 of the Dungeon)
 h - a +0 ring mail (worn)
   (You found it on level 1 of the Dungeon)
Jewellery
 b - a +4 ring of evasion
   (You found it on level 1 of the Dungeon)
Scrolls
 c - 3 scrolls of teleportation {unknown}
 i - 3 scrolls of identify {unknown}
 r - a scroll of magic mapping {unknown}
 u - a scroll of immolation {unknown}
Potions
 d - a potion of curing {unknown}
 e - 2 potions of heal wounds {unknown}
 f - a potion of ambrosia {unknown}
 o - a potion of resistance {unknown}
 p - a potion of degeneration {unknown}
 s - a potion of lignification {unknown}
 t - a potion of might {unknown}

Dungeon Overview and Level Annotations

Branches:
Dungeon (3/15)

Altars:

#.# # #.# .## ###
#.# .) ... .....
..###.#. #.#..o.
#.#.#o# #.# #.#.#@#
#.# ##.#.#)## #.#
#....†..# #.#
#.#####........ #.#
###.# #.####### #.#
#...# #..
####.###.#.# #.##
#........#.#####.##
#.##.#####<........


You could see an orc priest and an orc.


Message History

You now have 90 gold pieces (gained 8).
u - a scroll labelled GINLIE GEUTS Unknown command.
A bat comes into view.
A bat is nearby!
The bat hits you but does no damage.
You barely miss the bat. The bat closely misses you.
You miss the bat. The bat hits you but does no damage. x2
The bat closely misses you. The bat closely misses you.
The bat hits you. 😕 HP[-1]
You take 1 damage, and now have 41/42 hp.
You barely miss the bat. Your headbutt misses the bat.
The bat hits you but does no damage. x2
A bat is nearby!
You hit the bat.
You kill the bat!
Trog accepts your kill. 😎 HP[+1]
Your hp is fully restored (42).
A ball python comes into view.
The ball python hisses angrily.
A ball python is nearby!
You hit the ball python.
You kill the ball python!
Trog accepts your kill.
A bullfrog skeleton and an orc come into view.
The orc shouts!
You hear a shout! x5
You see here a ball python corpse.
There are monsters nearby!
You barely miss the orc. You headbutt the orc.
The orc hits you with a +0 dagger. 😕 HP[-3]
You take 3 damage, and now have 39/42 hp.
You hit the orc.
You kill the orc!
Trog accepts your kill.
An orc comes into view. It is wielding a +0 whip. 😕 HP[+1]
You hit the bullfrog skeleton.
The bullfrog skeleton hits you but does no damage.
You slash the bullfrog skeleton!
The bullfrog skeleton hits you. x2 😕 HP[-5]
You take 5 damage, and now have 35/42 hp.
You slash the bullfrog skeleton! You headbutt the bullfrog skeleton.
The bullfrog skeleton hits you but does no damage.
You slash the bullfrog skeleton!
You destroy the bullfrog skeleton!
Trog accepts your kill.
An orc and an orc priest come into view.
The orc shouts!
The orc priest shouts!
The orc hits you but does no damage.
You see here a +0 dagger {short}.
You closely miss the orc.
An orc comes into view. It is wielding a +0 war axe.
The orc hits you with a +0 whip. 😮 HP[-5]
You take 5 damage, and now have 30/42 hp.
You hit the orc. The orc closely misses you. 😮 HP[+1]
You hit the orc but do no damage. You headbutt the orc.
You kill the orc!
Trog accepts your kill.
An orc comes into view. It is wielding a +0 mace.
The orc hits you with a +0 war axe.
You see here a +0 whip {mace}. 😮 HP[-3]
You take 3 damage, and now have 28/42 hp.
You slash the orc!
You kill the orc!
Trog accepts your kill.
The orc priest looks encouraged for a moment.
You closely miss the orc. Your headbutt misses the orc.
The orc closely misses you.
The orc hits you with a +0 flail. 😮 HP[-5]
You take 5 damage, and now have 23/42 hp.
You slash the orc!
You kill the orc!
Trog accepts your kill.
The orc priest hits you with a +0 hand axe.
* * * LOW HITPOINT WARNING * * *
😨 HP[-5]
You take 5 damage, and now have 18/42 hp.
You hit the orc priest but do no damage.
You headbutt the orc priest, but do no damage.
The orc priest barely misses you.
You barely miss the orc priest.
The orc priest casts a cantrip, but nothing happens. 😨 HP[+1]
You completely miss the orc priest. Your headbutt misses the orc priest.
The orc priest calls down the wrath of Beogh upon you.
Beogh smites you!
* * * LOW HITPOINT WARNING * * *
😱 HP[-13]
You take 13 damage, and now have 6/42 hp.
MASSIVE DAMAGE!! (PAUSE)
You hit the orc priest. You headbutt the orc priest.
The orc priest calls down the wrath of Beogh upon you.
Pain shoots through your body!
You die...

Skill      XL: |  1  2  3  4 |
---------------+-------------+-----
Fighting       | 4 5 |  5.3
Axes           | 4 5 |  5.3
Armour         | |  2.4
Dodging        | |  2.1

Action                   |  1- 3 |  4- 6 || total
-------------------------+-------+-------++-------
Melee: Hand axe          |    76 |    29 ||   105
       Headbutt          |     9 |     7 ||    16
Armor: Ring mail         |    31 |    12 ||    43
       Animal skin       |     1 |       ||     1
Dodge: Dodged            |    49 |    14 ||    63

Levels and vault maps discovered:
D:1:      scummos_arrival_simple_crosswalls, layout_basic, serial_corexii_hall,
          corexii_hall_statues_l, chequers_hall_statues_y,
          minmay_stone_trees_medium, grunt_decor_resistance,
          grunt_decor_one_mirror, minmay_misc_feat_rows, minmay_heptomino_o4
D:2:      layout_loops_ring, nicolae_ecumenical_oubliette
D:3:      layout_loops_ring, uniq_ijyb, uniq_terence

Notes
Turn   | Place    | Note
-------+----------+-------------------------------------------
     0 | D:1      | Sanktem7 the Minotaur Berserker began the quest for the
                  | Orb.
     0 | D:1      | Reached XP level 1. HP: 19/19 MP: 0/0
     0 | D:1      | magus.rc [v1.9.6]
   293 | D:1      | Reached skill level 4 in Fighting
   293 | D:1      | Reached skill level 4 in Axes
   294 | D:1      | Reached XP level 2. HP: 26/26 MP: 1/1
   875 | D:1      | You pick up a book of Lightning {forbidden} and begin
                  | reading...
   875 | D:1      | You add the spells Static Discharge, Lightning Bolt and
                  | Maxwell's Capacitive Coupling to your library.
  1219 | D:2      | Found a faded altar of an unknown god.
  1347 | D:2      | Reached XP level 3. HP: 34/34 MP: 2/2
  1391 | D:2      | Reached ** piety under Trog
  1766 | D:2      | Reached XP level 4. HP: 32/41 MP: 3/3
  1856 | D:2      | Reached skill level 5 in Axes
  2274 | D:3      | Reached skill level 5 in Fighting
  2386 | D:3      | HP: 6/42 [orc priest/divine providence (13)]
  2387 | D:3      | Killed from afar by an orc priest

Vanquished Creatures
  A bullfrog skeleton (D:3)
  3 adders (D:2)
  A worm (D:2)
  A dart slug (D:1)
  4 orcs (D:3)
  3 ball pythons
  6 endoplasms
  A giant cockroach (D:1)
  6 goblins
  5 hobgoblins
  3 quokkas
  7 bats
  4 frilled lizards
  4 kobolds
  A rat (D:3)
50 creatures vanquished.

Table legend:
 A = Non-vault XP
 B = Vault XP
 C = Vault XP percentage of total XP
 D = Non-vault monster count
 E = Vault monster count
 F = Vault count percentage of total count
                 A         B        C        D         E       F
            +---------+---------+-------+---------+---------+-------
      Total |     152 |       9 |   5.6 |      44 |       6 |  12.0
            +---------+---------+-------+---------+---------+-------
        D:1 |      31 |       9 |  22.5 |      17 |       6 |  26.1
        D:2 |      65 |       0 |   0.0 |      16 |       0 |   0.0
        D:3 |      56 |       0 |   0.0 |      11 |       0 |   0.0
            +---------+---------+-------+---------+---------+-------

Illustrated notes

Table legend:
 A = Kills in this place as a percentage of kills in entire the game.
 B = Kills by you in this place as a percentage of kills by you in the entire game.
 C = Kills by friends in this place as a percentage of kills by friends in the entire game.
 D = Other kills in this place as a percentage of other kills in the entire game.
 E = Experience gained in this place as a percentage of experience gained in the entire game.
 F = Experience gained in this place divided by the number of levels of this place that you have seen.
                   A       B       C       D       E      F
               +-------+-------+-------+-------+-------+----------------------
         Total | 100.0 | 100.0 |   N/A |   N/A | 100.0 |  53.7
       Dungeon | 100.0 | 100.0 |   N/A |   N/A | 100.0 |  53.7
               +-------+-------+-------+-------+-------+----------------------

Table legend: (Time is in decaauts)
 A = Elapsed time spent in this place.
 B = Non-inter-level travel time spent in this place.
 C = Inter-level travel time spent in this place.
 D = Time resting spent in this place.
 E = Time spent auto-exploring this place.
 F = Levels seen in this place.
 G = Mean time per level.
                   A        B        C        D        E       F      G
               +--------+--------+--------+--------+--------+-----+--------+
         Total |   2394 |   2282 |    112 |      0 |   1942 |   3 |  798.0 |
       Dungeon |   2394 |   2282 |    112 |      0 |   1942 |   3 |  798.0 |
               +--------+--------+--------+--------+--------+-----+--------+

Top non-repeatable levels by time:
     D:1: 1251 daAuts
     D:2: 1021 daAuts
     D:3: 121 daAuts
